[Event "Late-Titled-Tuesday-Blitz-August-29-2023"]
[Site "Chess.com"]
[Date "2023.08.29"]
[Round "4"]
[White "SergioMoralesG"]
[Black "Mbneu"]
[Result "0-1"]
[WhiteElo "2438"]
[BlackElo "2270"]
[TimeControl "180+1"]
[EndTime "14:40:03 PDT"]
[Termination "Mbneu won by checkmate"]

1. d4 Nf6 2. c4 c5 3. d5 e6 4. Nc3 exd5 5. cxd5 d6 6. e4 g6 7. Nge2 Bg7 8. Ng3 h5 9. Bg5 h4 10. Nge2 h3 11. g3 Bg4 12. Qd3 Nbd7 13. Bf4 Nh5 14. f3 c4 15. Qe3 Nc5 16. Nc1 Nxf4 17. Qxf4 Bc8 18. Qe3 Qb6 19. Rb1 Nd3+ 20. Kd2 Bd4 21.
Qg5 Nxb2 22. N1e2 Bxc3+ 23. Nxc3 Qd4+ 24. Kc2 Nd3 25. Bxd3 Qxd3+ 26. Kb2 Qxf3 27. Rbd1 O-O 28. Rhf1 Qg4 29. Qh6 b5 30. Rf4 Qh5 31. Qxh5 gxh5 32. Rf6 b4 33. Nb5 c3+ 34. Kb3 a5 35. Nxd6 Bd7 36. e5 Rab8 37. Rdf1 a4+ 38. Kc2 b3+ 39. axb3 axb3+ 40. Kxc3 b2 41. Rb1 Ba4 42. Rxb2 Rxb2 43. Kxb2 Rb8+ 44. Kc3 Rb3+ 45. Kc4 Rb2 46. Nxf7 Rxh2 47.
Nh6+ Kg7 48. Nf5+ Kg8 49. e6 Rc2+ 50. Kd3 h2 51. Ne3 h1=Q 52. Nxc2 Bxc2+ 53. Kxc2 Qxd5 54. Rf4 Qxe6 55. Kd3 Kg7 56. Re4 Qf5 57. Ke3 Kg6 58. Rf4 Qe5+ 59. Kf2 Kg5 60. Rf3 Qb2+ 61. Ke3 Kg4 62.
Rf4+ Kxg3 63. Rf3+ Kg4 64. Rf4+ Kg5 65. Rd4 h4 66.
Rd5+ Kg4 67. Rd2 Qc3+ 68. Rd3 Qe1+ 69. Kd4 h3 70. Re3 Qxe3+ 71. Kxe3 h2 72. Kf2 h1=Q 73.
Ke2 Qf3+ 74. Kd2 Kf4 75. Kc2 Ke4 76. Kd2 Kd4 77. Kc2 Kc4 78. Kd2 Qf2+ 79. Kd1 Kc3 80.
Kc1 Qc2# 0-1

[Event "Late-Titled-Tuesday-Blitz-August-29-2023"]
[Site "Chess.com"]
[Date "2023.08.29"]
[Round "4"]
[White "Young_Catalan_Player09"]
[Black "tarno17"]
[Result "1-0"]
[WhiteElo "2440"]
[BlackElo "2180"]
[TimeControl "180+1"]
[EndTime "14:40:03 PDT"]
[Termination "Young_Catalan_Player09 won by resignation"]

1. Nf3 d5 2. g3 Nf6 3. Bg2 c5 4. O-O Nc6 5. b3 e6 6. Bb2 Be7 7. e3 b6 8. Qe2 O-O 9. c4 Ba6 10. d3 Rc8 11. Nc3 Qd7 12. Rfd1 Rfd8 13. Rac1 h6 14. Nb5 Bxb5 15. cxb5 Na5 16. d4 c4 17.
bxc4 Nxc4 18. Ne5 Qxb5 19. Nxc4 Rxc4 20. Bf1 Rxc1 21. Qxb5 Rxd1 22. Kg2 Rc8 23. Bd3 Ne4 24. Bxe4 dxe4 25. Qd7 Rc2 26. Qxe7 Rxb2 27. Qe8+ Kh7 28.
Qxf7 Rdd2 29. Qxe6 Rxf2+ 30. Kh3 Rxh2+ 31. Kg4 Rbg2 32. Qxe4+ Kh8 33. d5 h5+ 34. Kf4 Rf2+ 35. Kg5 Rf6 36. Qe8+ Kh7 37. Qe4+ Kh8 38. Qe5 Rh3 39. d6 h4 40. d7 Rxg3+ 41. Qxg3 hxg3 42. d8=Q+ Kh7 43. Qd3+ Kh8 44. Qe4 Kg8 45. Qe8+ Kh7 46. Qe4+ Kg8 47. Qg2 Kf7 48. Qd5+ Kf8 49. Qa8+ Kf7 50. Qxa7+ Ke6 51. Qxb6+ Kf7 52. Qb7+ Ke6 53. a4 Rf5+ 54. Kg4 Rf6 55. Kxg3 Rg6+ 56. Kf4 Rf6+ 57. Ke4 g5 58. Qc6+ Kf7 59.
Qd7+ Kg6 60. a5 Ra6 61. Qe8+ Kh6 62. Qb5 Re6+ 63. Kf5 Rg6 64. a6 g4 65. a7 g3 66.
a8=Q Rg5+ 67. Kf4 Rxb5 68. Kxg3 Rg5+ 69. Kf4 Kg6 70. Qg8+ Kh6 71. Qxg5+ Kh7 72. Qf5+ Kh8 73. e4 Kg8 74. e5 Kg7 75. Qe4 Kh6 76. Qe3 Kg7 77.
Qd4 Kh6 78. Qd6+ Kg7 79. e6 Kh6 80. e7+ Kg7 81. Ke5 Kf7 82. Kd4 Ke8 83. Kc3 Kf7 84. Kb2 Kg7 85. Ka1 Kf7 86. Kb2 Kg7 87. Kc2 Kf7 88. Kd2 Kg7 89. Ke2 Kf7 90. Kf2 Kg7 91. Kg2 Kf7 92. Kh1 Kg7 93. Kg2 Kf7 94. Kf3 Kg7 95. Ke4 Kf7 96. Kd5 Kg7 97. Kc6 Kf7 98. Kb7 Kg7 99. Ka8 Kf7 100. Qd8 Kg7 101. e8=Q Kh7 102. Ka7 Kh6 103. Ka6 Kg7 104. Ka5 Kh6 105. Ka4 Kg7 106. Ka3 Kh6 107. Ka2 Kg7 108. Ka1 Kh6 109. Kb1 Kg7 110. Kc1 Kh6 111. Kd1 Kg7 112. Ke1 Kh6 113. Kf1 Kg7 114. Kg1 Kh6 115. Kh1 Kg7 116. Qg6+ 1-0

[Event "Late-Titled-Tuesday-Blitz-August-29-2023"]
[Site "Chess.com"]
[Date "2023.08.29"]
[Round "4"]
[White "GameOverBro"]
[Black "jinbojinbo"]
[Result "0-1"]
[WhiteElo "2462"]
[BlackElo "2671"]
[TimeControl "180+1"]
[EndTime "14:40:06 PDT"]
[Termination "jinbojinbo won by resignation"]

1. e4 e5 2. Nf3 Nc6 3. Bb5 a6 4.
Ba4 Nf6 5. d4 exd4 6. O-O b5 7.
Bb3 Be7 8. e5 Ne4 9. Bd5 Nc5 10.
Nxd4 Bb7 11. Nf5 O-O 12. Nc3 b4 13. Ne4 Nxe4 14. Bxe4 Re8 15. Qg4 g6 16. Bf4 Bf8 17.
Rad1 Rb8 18. Qg3 Ne7 19. Nxe7+ Qxe7 20. Bxb7 Rxb7 21. h4 Bg7 22. Rfe1 h5 23. Qf3 Rb5 24. g3 Qe6 25. a3 d6 26. exd6 Qxe1+ 27. Rxe1 Rxe1+ 28. Kg2 cxd6 29. Bxd6 bxa3 30. Bxa3 Rf5 31. Qa8+ Kh7 32.
Qa7 Re2 33. Bc5 Rxc2 34. b4 a5 35. Qxa5 Bd4 36. Bxd4 Rxa5 37. bxa5 Ra2 38. Bb6 Kg7 39. Kf3 Kf6 40. Ke3 Kf5 41. Kf3 Ra3+ 42. Kg2 Ke4 43. Bc7 Kd3 44. Bb6 Ke2 45. Bc7 Ra2 46. Bb6 Ke1 47.
Kf3 Kf1 48. Kf4 f6 49. Ke4 Kg2 50. Kd5 g5 51. Ke6 gxh4 52. gxh4 Kh3 53. Kxf6 Kxh4 54. f4 Kg4 55. f5 h4 56. Kg6 Rc2 57. f6 Rc6 58.
Kg7 h3 59. f7 Rc8 60. f8=Q Rxf8 61. Kxf8 h2 62. Ke7 h1=Q 63. Kd7 Qb7+ 64. Kd6 Qa6 65. Kc5 Kf3 66. Kb4 Ke4 67. Kc5 Kd3 68. Kc6 Kc4 69.
Kc7 Kb5 70. Kd6 Qb7 71. Ke5 Qc6 72. Kd4 Qc4+ 73. Ke5 Kc6 74. Bd8 Qd5+ 75. Kf6 Qxd8+ 0-1

[Event "Late-Titled-Tuesday-Blitz-August-29-2023"]
[Site "Chess.com"]
[Date "2023.08.29"]
[Round "4"]
[White "EstudiandoAjedrezRD"]
[Black "Herman-NY"]
[Result "0-1"]
[WhiteElo "2222"]
[BlackElo "2441"]
[TimeControl "180+1"]
[EndTime "14:40:06 PDT"]
[Termination "Herman-NY won by resignation"]

1. d4 Nf6 2. c4 g6 3. Nf3 Bg7 4. g3 O-O 5. Bg2 d6 6. O-O c5 7.
d5 e6 8. Nc3 exd5 9. cxd5 Re8 10.
Nd2 b6 11. a4 Ba6 12. Re1 Nbd7 13. h3 Nh5 14. Kh2 f5 15. Nf3 Bf6 16. Bh6 Ne5 17.
Qc1 Nf7 18. Bd2 g5 19. g4 Ng7 20. e4 f4 21. Nb5 Ne5 22. Nxe5 Bxe5 23. f3 h5 24. Bc3 Bxb5 25. axb5 Qf6 26. Rd1 Re7 27. Kg1 Kf7 28. Bf1 Rh8 29. Bxe5 Qxe5 30. Qc3 Kf6 31. Qxe5+ Kxe5 32. Ra3 Ne8 33. Rda1 Rhh7 34. Ra4 Nf6 35. Kf2 Rb7 36. Kg2 Rhc7 37. b3 Nd7 38. Bc4 Kf6 39.
Rh1 Ne5 40. Raa1 Rh7 41. Rh2 Rh6 42. Rah1 Rbh7 43. Be2 Ke7 44. Bc4 Kd8 45. Be2 Kc7 46.
Bc4 Kb7 47. Be2 Ng6 48. Bc4 Nh4+ 49. Kf2 Re7 50. Ra1 Kb8 51. Rhh1 Reh7 52. Rh2 Ng6 53. Rah1 hxg4 54. fxg4 Ne5 55. Kg2 Rh4 56. Be2 Kb7 57. Bc4 Kc8 58. Be2 Kd8 59. Bc4 Ke7 60. Be2 Kf6 61. Bc4 Ng6 62. Be2 Ke5 63. Kf3 Kd4 64. Bc4 Ne5+ 65. Kg2 Kc3 66. Rc1+ Kd2 67. Rch1 Nxg4 68.
Kf1+ Nxh2+ 69. Rxh2+ Ke3 70. Re2+ Kd4 71. Rd2+ Ke5 72.
Re2 Rxh3 73. Rf2 Rh1+ 74. Ke2 R7h2 75. Kf3 Rxf2+ 76. Kxf2 g4 77. Kg2 Rh4 78. Kf2 f3 79. Kg3 Rh3+ 80. Kxg4 Rh2 81. Kxf3 Rd2 82. Ke3 Rd4 83.
Ke2 Rxe4+ 84. Kd3 Rd4+ 85. Kc3 Kf4 86. b4 Ke3 87. bxc5 bxc5 88. b6 axb6 89. Bb5 Rb4 90. Bc6 Ke4 91. Kc2 Ke5 92. Kc3 Rd4 93. Kb3 Rxd5 94.
Kc4 Rd4+ 95. Kb5 Rb4+ 96. Ka6 d5 97. Kb7 d4 98. Kc7 d3 0-1

[Event "Late-Titled-Tuesday-Blitz-August-29-2023"]
[Site "Chess.com"]
[Date "2023.08.29"]
[Round "4"]
[White "Bilan_Danila"]
[Black "GianmarcoVaR"]
[Result "0-1"]
[WhiteElo "2482"]
[BlackElo "2734"]
[TimeControl "180+1"]
[EndTime "14:40:12 PDT"]
[Termination "GianmarcoVaR won by resignation"]

1. d4 Nf6 2. Nf3 e6 3. Bg5 c5 4. c3 h6 5. Bf4 b6 6. e3 Be7 7. Nbd2 O-O 8. h3 cxd4 9. cxd4 d6 10. Rc1 Bb7 11. Be2 Nc6 12. O-O a6 13. Bh2 Qd7 14.
Qc2 Rfc8 15. Qb1 Bf8 16. Nc4 Qd8 17. Rfd1 Nb4 18. Ncd2 b5 19. a3 Nbd5 20. Ne1 Nb6 21. Bf3 Qd7 22. Bxb7 Qxb7 23. Rxc8 Rxc8 24. Rc1 Nc4 25.
Nef3 d5 26. Nxc4 bxc4 27. Qc2 Ne8 28. Nd2 Nd6 29. Nb1 Be7 30. Nc3 Rb8 31. Rb1 Qb3 32. Qxb3 Rxb3 33. Nd1 Nb5 34. Rc1 Rd3 35. Kf1 Bd8 36. Ke2 Ba5 37. f3 Rd2+ 38. Kf1 f6 39.
Bg3 Rd3 40. Be1 Bxe1 41. Kxe1 Rb3 42. Kd2 Kf8 43. Kc2 Ke7 44. Rb1 Kd6 45. Ra1 Kc7 46. Nc3 Nxc3 47. bxc3 Kc6 48. Ra2 Kb5 49. Ra1 Ka4 50. e4 a5 51. exd5 exd5 52. Re1 Rxa3 53. Kb2 Rb3+ 54. Kc2 Ra3 55. Kb2 Rb3+ 56. Kc2 h5 57.
Re7 Ka3 58. Rxg7 Rb2+ 59. Kc1 Rf2 60. g4 Kb3 61. gxh5 Rxf3 62. h6 Rxh3 63. h7 a4 64. Kd2 f5 65. Rb7+ Ka3 66. Kc2 Rh2+ 67. Kc1 f4 68. Kd1 f3 69. Ke1 Ka2 70. Kf1 a3 71. Kg1 Rh3 72. Kf2 Ka1 73. Kf1 a2 74. Kf2 Rxh7 75. Rxh7 Kb2 76. Rh1 Kxc3 77. Kxf3 Kb2 78. Ke3 a1=Q 79. Rxa1 Kxa1 80. Kf4 c3 81. Ke5 c2 82.
Kxd5 c1=Q 83. Ke6 Qc8+ 84. Ke5 Qd7 85. d5 Kb2 86. d6 Kb3 87. Kd5 Kb4 0-1

[Event "Late-Titled-Tuesday-Blitz-August-29-2023"]
[Site "Chess.com"]
[Date "2023.08.29"]
[Round "4"]
[White "Mesa_1"]
[Black "emiliocordova"]
[Result "0-1"]
[WhiteElo "2563"]
[BlackElo "2860"]
[TimeControl "180+1"]
[EndTime "14:40:17 PDT"]
[Termination "emiliocordova won on time"]

1. d4 Nf6 2. c4 c5 3. d5 b5 4. cxb5 a6 5. e3 e6 6. Nc3 Bb7 7. e4 exd5 8. exd5 Bd6 9. Nf3 O-O 10. Bd3 Re8+ 11. Be3 Bf4 12. O-O Bxe3 13. fxe3 Rxe3 14. Qd2 Re8 15. Ng5 d6 16. Qf4 h6 17. Nh7 Nbd7 18. Nxf6+ Qxf6 19. bxa6 Qxf4 20. Rxf4 Bxa6 21. Bxa6 Rxa6 22. Rf2 Ne5 23. Rb1 Rb8 24. a3 Rb3 25.
Ne4 f6 26. Kf1 Kf7 27. Ke2 Ke7 28. Kd1 Raxa3 29. Nd2 Rd3 30. bxa3 Rxd5 31. Rb7+ Ke6 32. Rxg7 c4 33. Kc2 f5 34. Nf3 Kf6 35. Rh7 Ng4 36. Re2 Rd3 37. Rhe7 f4 38. R2e6+ Kf5 39. h3 Ne3+ 40. Kb2 c3+ 41. Kb3 c2+ 42. Kb2 Rd1 43. Nh4+ Kg5 44. Nf3+ Kh5 45. Rc7 Rb1+ 46. Ka2 c1=Q 47.
Rxc1 Rxc1 48. Rxd6 Nxg2 49. a4 Rc3 50. Rd5+ Kg6 51.
Ne5+ Kg7 52. a5 f3 53. Nxf3 Rxf3 54. a6 Rf7 55. Kb3 Nf4 56. Rc5 Ne6 57. Rd5 Ra7 58.
Rd6 Rxa6 59. Rd7+ Kg6 60. Kc4 Ng5 61. h4 Ra4+ 62. Kd5 Rxh4 63. Ke5 Re4+ 64. Kd5 Re6 65. Rd8 Re7 66. Rg8+ Rg7 67. Rd8 h5 68. Ke5 Rf7 69. Rg8+ Kh6 70. Rh8+ Nh7 71. Ke6 Rf6+ 72. Ke5 h4 73. Ke4 h3 74. Ra8 h2 75. Ra1 Ng5+ 76.
Ke3 Rf3+ 77. Ke2 Rh3 78. Rh1 Ne6 79. Kf2 Nf4 80. Kf1 Kh5 81. Kf2 Kg4 82. Kf1 Kf3 0-1

[Event "Late-Titled-Tuesday-Blitz-August-29-2023"]
[Site "Chess.com"]
[Date "2023.08.29"]
[Round "4"]
[White "GM_dmitrij"]
[Black "Elsa167"]
[Result "1-0"]
[WhiteElo "3061"]
[BlackElo "2876"]
[TimeControl "180+1"]
[EndTime "14:40:19 PDT"]
[Termination "GM_dmitrij won on time"]

1. e4 c5 2. c3 e6 3. d4 d5 4. exd5 exd5 5. Nf3 Nf6 6. Bb5+ Bd7 7. Bxd7+ Nbxd7 8.
O-O Be7 9. dxc5 Nxc5 10. Nbd2 O-O 11. Nb3 Nce4 12. Be3 Qd7 13. Ne5 Qc8 14. Bd4 Re8 15.
Nd3 Nd6 16. Re1 Nc4 17. Qf3 Ne4 18. Re2 a5 19. Rae1 a4 20. Nbc5 Bxc5 21. Nxc5 Qc6 22. Nxe4 dxe4 23. Rxe4 Rxe4 24. Rxe4 Re8 25. Rxe8+ Qxe8 26. h4 b5 27. b3 axb3 28. axb3 Nd2 29. Qd5 h6 30. Be3 Ne4 31. c4 bxc4 32. bxc4 Nf6 33. Qd4 Qc6 34. c5 Nd5 35. Bc1 f6 36. Bd2 Ne7 37.
Qc4+ Kf8 38. Bb4 Nd5 39. Ba3 Ke7 40. h5 Kf7 41. g3 Kf8 42. Qd4 Ne7 43. Bc1 Qd5 44. Qxd5 Nxd5 45. Kg2 Ke7 46. Kf3 f5 47. Bb2 Kf7 48. c6 g6 49. hxg6+ Kxg6 50. Be5 Kf7 51.
c7 Ne7 52. Bd6 Nc8 53. Bf4 h5 54. Kg2 Ke6 55. Kh3 Kf7 56. Kh4 Kg6 57. Be5 Ne7 58.
Bd6 Nc8 59. Bc5 Kh6 60. Kh3 Kg5 61. Be3+ Kg6 62. Kh4 Nd6 63. Bf4 Nc8 64. Be5 Ne7 65. Bd6 Nc8 66. Bc5 Kh6 67. Be3+ Kg6 68. Kh3 Ne7 69. Kg2 Kf6 70. Kf3 Ke6 71. Bg5 Nc8 72.
Kf4 Nb6 73. Bd8 Nd5+ 74. Kg5 Kd7 75. Kxf5 Nb4 76. Kg5 Nd3 77. f4 h4 78. gxh4 Nc5 79. h5 Ne6+ 80. Kg4 Ng7 81. h6 Ne8 82. h7 Nd6 83. h8=Q Kc8 84. Be7+ Kd7 85. Qd8+ 1-0

[Event "Late-Titled-Tuesday-Blitz-August-29-2023"]
[Site "Chess.com"]
[Date "2023.08.29"]
[Round "4"]
[White "burbur555"]
[Black "Mops_2004"]
[Result "1-0"]
[WhiteElo "2565"]
[BlackElo "2762"]
[TimeControl "180+1"]
[EndTime "14:40:20 PDT"]
[Termination "burbur555 won by resignation"]

1. c4 g6 2. d4 Bg7 3. e4 d6 4. h3 e5 5. d5 a5 6. Bd3 Na6 7. Be3 Bh6 8. Bxh6 Nxh6 9. Nf3 Nc5 10.
Bc2 f5 11. Nc3 O-O 12. Qd2 Kg7 13. b3 b6 14. exf5 Nxf5 15. O-O Nh4 16. Nh2 Bd7 17. Ne4 Rf4 18. Rae1 h6 19. f3 Nf5 20. Nxc5 bxc5 21.
Be4 Ng3 22. Rf2 Qh4 23. Nf1 Nxe4 24. fxe4 Rxf2 25. Qxf2 Qxf2+ 26. Kxf2 a4 27. Rb1 axb3 28. axb3 Ra2+ 29. Kg1 Re2 30. Ng3 Rc2 31. Nf1 h5 32. Ra1 Rb2 33. Ra7 Kf6 34. Rxc7 Ke7 35. Rb7 Kd8 36.
Rb8+ Bc8 37. Rb6 Kc7 38. Rc6+ Kd7 39. Rb6 Kc7 40. Rc6+ Kd7 41. Rb6 h4 42. Ne3 Re2 43.
Ng4 Kc7 44. Rc6+ Kd7 45. Nf6+ Ke7 46. Rxc8 Kxf6 47. Re8 Rxe4 48. Re6+ Kf5 49. Rxd6 Re1+ 50. Kh2 Rb1 51. Rc6 Rxb3 52. Rxc5 e4 53. Rc6 e3 54. Re6 Kf4 55. d6 Rd3 56. c5 Rd5 57. c6 Kf5 58. c7 Kxe6 59. c8=Q+ Kxd6 60. Qe8 Re5 61. Qxg6+ Re6 62.
Qd3+ Ke7 63. Qe2 Kf6 64. Kg1 Ke7 65. Kf1 Kd6 66. Ke1 Re4 67. Qf3 Ke5 68. Ke2 Kd4 69.
Qf6+ Kd5 70. Qf5+ Kd4 71. Qd7+ Ke5 72. Qe7+ Kd5 73. Qd7+ Ke5 74. Qc6 Kf5 75. Qd5+ Kf4 76. Qh5 Re5 77. Qxh4+ Kf5 78. Qh5+ Ke4 79. Qxe5+ 1-0

[Event "Late-Titled-Tuesday-Blitz-August-29-2023"]
[Site "Chess.com"]
[Date "2023.08.29"]
[Round "4"]
[White "dropstoneDP"]
[Black "Sanan_Sjugirov"]
[Result "1/2-1/2"]
[WhiteElo "2974"]
[BlackElo "2859"]
[TimeControl "180+1"]
[EndTime "14:40:23 PDT"]
[Termination "Game drawn by stalemate"]

1. c4 Nf6 2. g3 c6 3. Nf3 d5 4. Bg2 dxc4 5. O-O e6 6. Qc2 b5 7. a4 Bb7 8. Ne5 Bd6 9. d4 a6 10. axb5 axb5 11. Rxa8 Bxa8 12. b3 cxb3 13. Qxb3 O-O 14.
Bg5 h6 15. Bxf6 Qxf6 16. f4 Qe7 17. Nc3 Bb7 18. e3 Rc8 19. Ne4 Nd7 20. Nxd7 Qxd7 21. Rc1 Be7 22. Nc5 Bxc5 23. Rxc5 Ra8 24. Qc3 Ra6 25.
h4 Qd8 26. h5 Qa8 27. Qd2 Ra2 28. Rc2 Rxc2 29. Qxc2 b4 30. Be4 Qa3 31. Kf2 b3 32.
Qc3 Qa2+ 33. Ke1 Ba6 34. Qd2 Qa1+ 35. Qd1 b2 36. Kd2 Qa5+ 37. Kc2 Qa4+ 38. Kd2 Qb4+ 39. Kc2 Bc4 40. Qb1 Qb3+ 41. Kd2 Kf8 42. Qc2 Qb4+ 43.
Qc3 Qb5 44. Bb1 Kg8 45. Qa3 Qb8 46. Kc3 Bb5 47. Qc5 Qa8 48. Kxb2 Qd8 49. Bc2 Qb8 50. Kc3 Qa8 51. Kb2 Qb8 52. Qb4 Qa8 53. g4 Qd8 54. Qc5 Qb8 55. Qb4 Qd8 56. Be4 Qh4 57. Qd6 Qf2+ 58. Bc2 g6 59. hxg6 Bd3 60. gxf7+ Kxf7 61. Qc7+ Kf8 62. Qc8+ Ke7 63. Qc7+ Kf8 64. Qxc6 Bxc2 65.
Qxc2 Qxe3 66. Qc5+ Kf7 67. Qc7+ Ke8 68. Qe5 Qf2+ 69.
Kb3 Qf3+ 70. Kb4 Qxg4 71. d5 Kd7 72. dxe6+ Qxe6 73. Qg7+ Kd6 74. Qd4+ Ke7 75. Qg7+ Kd6 76. Qd4+ Kc7 77. Qg7+ Kc6 78. Qc3+ Kd7 79. Qg7+ Qe7+ 80. Qxe7+ Kxe7 81. Kc4 Kf6 82. Kd3 Kf5 83. Ke2 Kxf4 84. Kf2 h5 85. Kg1 h4 86. Kh1 Kg3 87. Kg1 h3 88.
Kh1 h2 1/2-1/2

[Event "Late-Titled-Tuesday-Blitz-August-29-2023"]
[Site "Chess.com"]
[Date "2023.08.29"]
[Round "4"]
[White "Training_Day"]
[Black "ameetghasi100"]
[Result "1-0"]
[WhiteElo "2477"]
[BlackElo "2648"]
[TimeControl "180+1"]
[EndTime "14:40:29 PDT"]
[Termination "Training_Day won by checkmate"]

1. e4 g6 2. d4 Bg7 3. c3 d6 4.
Nf3 Nf6 5. Bd3 O-O 6. O-O Nc6 7.
h3 e5 8. Re1 Nd7 9. Be3 a6 10.
Nbd2 b6 11. Nf1 Bb7 12. Ng3 Ne7 13. Qd2 Re8 14. Bh6 Bh8 15. Rad1 Nc6 16. Bc2 Qe7 17. a3 Na5 18. Qd3 b5 19. b3 Rad8 20. Qd2 c5 21. d5 Rc8 22. c4 Qd8 23. Qd3 Rb8 24. Nd2 Bc8 25. Rb1 b4 26. a4 Bg7 27. Qe3 Qh4 28.
Bg5 Qxg5 29. Qxg5 Bf6 30. Qe3 Bg7 31. Ndf1 Nf8 32. Nh2 h5 33. Nf3 Nh7 34. h4 Nf6 35.
Ng5 Bh6 36. f3 Nh7 37. Qf2 Nxg5 38. hxg5 Bxg5 39. Ne2 Bd7 40. Rbd1 Nb7 41. g3 Bh6 42. f4 Bg4 43. Kg2 Bg7 44. f5 Rf8 45. Rc1 Bh6 46.
Rb1 Bg5 47. Ng1 Rbe8 48. Nf3 Bd8 49. Nh2 Kg7 50. Nxg4 hxg4 51. Rh1 Rh8 52. Qe2 Bf6 53. Qxg4 g5 54. Rxh8 Rxh8 55. Rh1 Rxh1 56. Kxh1 a5 57. Qh5 Nd8 58. Bd1 Nb7 59. Qh3 Nd8 60. Bh5 Kg8 61.
Kg2 Kg7 62. Kf3 Kg8 63. Kg4 Kg7 64. Kf3 Kg8 65. Ke2 Kg7 66. Bg4 Nb7 67. Qh5 Nd8 68.
Kd3 Nb7 69. Qh3 Nd8 70. Bh5 Kg8 71. Bxf7+ Nxf7 72. Qh5 Kf8 73. Qg6 Ke7 74. Qg8 Nd8 75. Ke3 Kd7 76. Kf3 Ke7 77. Kg4 Nf7 78. Qa8 Bg7 79. Kh5 Bf6 80. Qxa5 Kf8 81. Kg6 Bd8 82.
Qa8 Nh8+ 83. Kh7 Nf7 84. Qb7 Be7 85. Qb8+ Bd8 86. Qc7 g4 87. Qd7 Bc7 88. Kg6 Bd8 89.
Qxf7# 1-0

[Event "Late-Titled-Tuesday-Blitz-August-29-2023"]
[Site "Chess.com"]
[Date "2023.08.29"]
[Round "4"]
[White "AndreiITrifan"]
[Black "Karacsonyi_Gellert"]
[Result "1/2-1/2"]
[WhiteElo "2569"]
[BlackElo "2843"]
[TimeControl "180+1"]
[EndTime "14:40:33 PDT"]
[Termination "Game drawn - insufficient material"]

1. Nf3 Nf6 2. b3 d5 3. Bb2 e6 4.
e3 Be7 5. Be2 O-O 6. O-O b6 7.
d4 Bb7 8. c4 c5 9. Nc3 cxd4 10.
Nxd4 dxc4 11. Bxc4 Nc6 12. Nxc6 Bxc6 13. Qxd8 Rfxd8 14.
Rfd1 Kf8 15. Kf1 Rxd1+ 16. Rxd1 Rd8 17. Rxd8+ Bxd8 18. Bb5 Bxb5+ 19. Nxb5 a6 20. Nd4 Bc7 21. Ke2 Ke8 22. h3 h5 23. Kd3 Kd7 24. Ne2 Ne8 25. a4 g6 26. g4 hxg4 27. hxg4 Nd6 28. f3 Nb7 29. Kc4 Na5+ 30. Kc3 Be5+ 31. Nd4 Bxd4+ 32.
exd4 Kc6 33. Bc1 Kd5 34. Bf4 Nc6 35. Be3 f5 36. Bf2 Ne7 37. Kd3 Ng8 38. gxf5 exf5 39. Bh4 Nh6 40. Ke3 Nf7 41. Bf6 g5 42. Bg7 Nd8 43.
Be5 Ne6 44. Bf6 g4 45. fxg4 fxg4 46. Be5 b5 47. axb5 axb5 48. Kd3 Ng5 49. Ke3 Ne6 50. Kd3 Nf8 51. Ke3 Ng6 52. Bg7 Ke6 53. Ke4 Ne7 54.
Kf4 g3 55. Kf3 Nf5 56. Be5 Kd5 57. Bf6 Nxd4+ 58. Kxg3 Nxb3 59. Kf2 Kc4 60. Ke2 Nc5 61. Kd1 Kb3 62. Be7 Ne4 63. Bf8 Nc3+ 64. Kd2 Nd5 65. Kd3 Nc7 66. Bc5 Ne6 67. Bd6 Nd8 68. Kd4 Ne6+ 69.
Kd5 Ng5 70. Kc6 Kc4 71. Be7 Ne4 72. Kb6 Nc3 73. Bf8 Ne2 74. Kc6 Nf4 75. Be7 Nd5 76. Bf8 Nf6 77. Bd6 Ng4 78. Be7 Ne5+ 79. Kb7 Nd7 80. Kc6 Ne5+ 81. Kb7 Ng6 82. Bd6 Nh4 83.
Kc6 Nf5 84. Bf8 Nd4+ 85. Kb7 Ne6 86. Bd6 Nc5+ 87. Kc6 b4 88. Bxc5 b3 89. Ba3 b2 90.
Bxb2 1/2-1/2

[Event "Late-Titled-Tuesday-Blitz-August-29-2023"]
[Site "Chess.com"]
[Date "2023.08.29"]
[Round "4"]
[White "joksijoksi"]
[Black "Zampronha1971"]
[Result "1/2-1/2"]
[WhiteElo "2451"]
[BlackElo "2293"]
[TimeControl "180+1"]
[EndTime "14:40:44 PDT"]
[Termination "Game drawn by repetition"]

1. d4 Nf6 2. c4 e6 3. Nf3 Bb4+ 4. Bd2 a5 5. g3 O-O 6. Bg2 d5 7. a3 Bxd2+ 8. Nbxd2 Nbd7 9. O-O c6 10. b4 axb4 11. axb4 Rxa1 12. Qxa1 dxc4 13. Nxc4 Nb6 14. Nce5 Nbd5 15.
Qa5 Qd6 16. Qc5 Rd8 17. Nc4 Qxc5 18. bxc5 Nc3 19. e3 Nb5 20. Nfe5 Nd7 21. Ra1 Nxe5 22. Nxe5 f6 23. Nc4 Bd7 24. Nb6 Be8 25. h4 Kf7 26. g4 Ke7 27. Kh2 Bg6 28. Kg3 h6 29. f4 Bf7 30. Bf1 Nc7 31. Ra7 Rb8 32.
Bg2 Nd5 33. Bxd5 exd5 34. f5 Kd8 35. h5 Kc7 36. Kf4 Re8 37. Na4 Re4+ 38. Kf3 Re8 39.
Nc3 Re7 40. Na2 Kb8 41. Ra4 Be8 42. Nb4 Bf7 43. Ra5 Kc7 44. Ra8 Re8 45. Ra7 Re7 46. Nc2 Kb8 47. Ra4 Kc7 48. Nb4 Re8 49.
Nd3 Re7 50. Nf4 Re8 51. Ra7 Kb8 52. Ra5 Kc7 53. Ng6 Bxg6 54. fxg6 Re4 55. Ra8 Re7 56. Rf8 Rd7 57. Rf7 Kd8 58. Rf8+ Kc7 59. Kf4 Re7 60. Rg8 Kd7 61. Rh8 Kc7 62. Rh7 b5 63. cxb6+ Kxb6 64. Rh8 Kc7 65. Ra8 Kd6 66. Rd8+ Rd7 67.
Rf8 Re7 68. Rg8 Kd7 69. Ra8 Kd6 70. Rg8 Kd7 71. Kf5 Kd6 72. Rf8 Rxe3 73. Rf7 Re7 74. Rf8 Kd7 75. Ra8 Kd6 76. Rd8+ Rd7 77. Re8 c5 78.
Re6+ Kc7 79. dxc5 d4 80. Re2 Kc6 81. Ke6 d3 82. Rd2 Rd4 83. Kf7 Kxc5 84. Kxg7 Kc4 85. Kxh6 Rxg4 86. g7 Kc3 87. Rd1 Kc2 88. Rh1 d2 89.
Kh7 f5 90. g8=Q Rxg8 91. Kxg8 d1=Q 92. Rxd1 Kxd1 93. h6 f4 94. h7 f3 95. h8=Q f2 96.
Qh3 Ke2 97. Qg2 Ke1 98. Qe4+ Kd2 99. Qf3 Ke1 100. Qe3+ Kf1 101. Kg7 Kg2 102. Qe2 Kg1 103. Qg4+ Kh2 104. Qh4+ Kg2 105. Qg4+ Kh2 106. Qf4+ Kg2 107. Qe4+ Kg1 108. Qg4+ Kh2 1/2-1/2

[Event "Late-Titled-Tuesday-Blitz-August-29-2023"]
[Site "Chess.com"]
[Date "2023.08.29"]
[Round "4"]
[White "kinga2008"]
[Black "koziororo"]
[Result "0-1"]
[WhiteElo "2405"]
[BlackElo "2590"]
[TimeControl "180+1"]
[EndTime "14:41:26 PDT"]
[Termination "koziororo won by resignation"]

1. e4 c5 2. Nf3 d6 3. c3 Nf6 4. Be2 g6 5. O-O Bg7 6. d3 O-O 7. Be3 Nc6 8. Nbd2 b5 9. d4 cxd4 10. cxd4 a6 11. e5 dxe5 12. dxe5 Nd5 13. a4 Nxe3 14.
fxe3 bxa4 15. Qxa4 Nxe5 16. Nxe5 Qxd2 17. Bf3 Rb8 18.
Nc6 Qxe3+ 19. Kh1 Rxb2 20. Rae1 Rf2 21. Rg1 Qc3 22. Nxe7+ Kh8 23. Rc1 Rxf3 24. Rxc3 Rxc3 25. Nxc8 Rfxc8 26. Qxa6 Bd4 27. Rf1 Rc1 28. h3 Rxf1+ 29.
Qxf1 Ra8 30. Qxf7 Ra1+ 31. Kh2 Be5+ 32. g3 Ra8 33. h4 Bg7 34. Kh3 Rf8 35. Qe7 Rf5 36.
g4 Rf3+ 37. Kg2 Rf8 38. h5 gxh5 39. gxh5 Rg8 40. Kh3 h6 41. Qe6 Rf8 42. Kg4 Rf6 43. Qe8+ Kh7 44. Qe4+ Kg8 45. Qd5+ Kh8 46. Qc5 Bf8 47.
Qc7 Rf1 48. Qd8 Rf7 49. Qd5 Kg7 50. Qe5+ Kh7 51. Qe6 Kg8 52. Kh4 Be7+ 53. Kg4 Bg5 54. Qg6+ Kf8 55. Qd3 Re7 56. Qd5 Kg7 57. Kf5 Rf7+ 58.
Ke6 Rf6+ 59. Ke5 Bf4+ 60. Ke4 Bg5 61. Qd7+ Rf7 62. Qc6 Re7+ 63. Kf5 Rf7+ 64. Ke5 Bf6+ 65. Ke6 Re7+ 66. Kf5 Re5+ 67. Kg4 Rg5+ 68. Kf4 Re5 69.
Qd7+ Re7 70. Qf5 Bg5+ 71. Kg4 Rf7 72. Qg6+ Kf8 73. Qe6 Rf6 74. Qd7 Rf4+ 75. Kg3 Rf7 76. Qc8+ Ke7 77. Qc6 Rf6 78. Qc7+ Ke6 79. Qh7 Ke5 80.
Qe7+ Re6 81. Qg7+ Kf5 82. Kf3 Re3+ 83. Kf2 Kg4 84. Qg6 Rf3+ 85. Ke2 Rf6 86. Qe8 Rf4 87. Kd3 Rf3+ 88. Kc4 Rh3 89. Qg6 Rxh5 90. Qe6+ Kg3 91. Qd6+ Kh3 92. Qd3+ Kh4 93. Qe4+ Kg3 94. Qd3+ Kf4 95. Qd4+ Kf5 96. Qd5+ Kg6 97. Qe6+ Kg7 98.
Qd7+ Kf8 99. Qc8+ Kf7 100. Qb7+ Be7 101. Qf3+ Kg6 102. Qe4+ Kf6 103. Qc6+ Kg7 104. Qg2+ Rg5 105. Qe4 Bf6 106. Kd3 h5 107. Ke3 Rg3+ 108. Kf4 Rg4+ 109. Kf5 Rg5+ 110. Kf4 h4 111. Qb7+ Kh6 112. Qh1 Rc5 113. Kg4 Rc4+ 114. Kf5 Bg5 115. Qb7 Rf4+ 116. Ke5 Rf6 117. Qc8 Kh5 118. Qd7 Rf1 119. Ke4 Rf4+ 120. Ke3 Rf7+ 0-1

[Event "Late-Titled-Tuesday-Blitz-August-29-2023"]
[Site "Chess.com"]
[Date "2023.08.29"]
[Round "5"]
[White "Iball95"]
[Black "ilya2700"]
[Result "0-1"]
[WhiteElo "2726"]
[BlackElo "2123"]
[TimeControl "180+1"]
[EndTime "14:49:26 PDT"]
[Termination "ilya2700 won by checkmate"]

1. e4 c5 2. Nf3 e6 3. Nc3 Nc6 4.
d4 cxd4 5. Nxd4 Qc7 6. Nxc6 Qxc6 7. Bd3 a6 8. O-O b5 9. Re1 Bb7 10. Bf4 Ne7 11. Qf3 b4 12. Ne2 Ng6 13. Bg3 Bc5 14. Rad1 O-O 15. Qh5 f5 16. exf5 Qxg2# 0-1

[Event "Late-Titled-Tuesday-Blitz-August-29-2023"]
[Site "Chess.com"]
[Date "2023.08.29"]
[Round "5"]
[White "koziororo"]
[Black "colegiodemadrid"]
[Result "0-1"]
[WhiteElo "2574"]
[BlackElo "2454"]
[TimeControl "180+1"]
[EndTime "14:49:40 PDT"]
[Termination "colegiodemadrid won by checkmate"]

1. e4 e5 2. Nf3 Nc6 3. Bc4 Bc5 4. b4 Bxb4 5. c3 Ba5 6. d4 d6 7.
Qb3 Qd7 8. O-O Bb6 9. Rd1 Na5 10. Qb4 Nxc4 11. Qxc4 exd4 12. cxd4 Qc6 13. Qb3 Bg4 14. Nc3 Ne7 15. Bb2 Bxf3 16. gxf3 O-O 17. Rac1 Qd7 18. Ne2 Qh3 19. Ng3 Ng6 20. Qd3 Nh4 21. Qf1 Nxf3+ 22. Kh1 Qxh2# 0-1